 Dungeon Sprint DCSS version 0.20-a0-1122-gb7cbeb9 (webtiles) character file.

6100000 Kidiri the Conqueror (level 27, -15/323 HPs)
             Began as a Troll Fighter on May 12, 2017.
             Was the Champion of Makhleb.
             Demolished by a meat berserker
             ... wielding a +9 battleaxe
              (89 damage)
             ... in the Dungeon (Sprint VIII: "Arena of Blood").
             The game lasted 00:03:05 (61 turns).

Kidiri the Conqueror (Troll Fighter)                  Turns: 61, Time: 00:03:06

Health: -15/323    AC:  7    Str: 32    XL:     27
Magic:  27/53      EV: 31    Int:  4    God:    Makhleb [******]
Gold:   0          SH:  0    Dex: 18    Spells: 80/80 levels left

rFire    . . .     SeeInvis .   l - +∞ Axe of Woe
rCold    . . .     Gourm    +   (shield currently unavailable)
rNeg     . . .     Faith    .   b - +0 robe
rPois    .         Spirit   .   (helmet restricted)
rElec    .         Reflect  .   (no cloak)
rCorr    .         Harm     .   (gloves unavailable)
MR       ++...     NoTele   +   (boots unavailable)
Stlth    +++++++++.             (no amulet)
Regen    1.1/turn               (no ring)
MPRegen  0.4/turn               (no ring)

@: no status effects
A: unfitting armour, claws 3, fast metabolism 3, gourmand, regeneration 1,
shaggy fur 1, tough skin 2
a: Minor Destruction, Lesser Servant of Makhleb, Major Destruction, Greater
Servant of Makhleb, Renounce Religion


You were in the Dungeon.
You worshipped Makhleb.
Makhleb was exalted by your worship.
You were not hungry.

You visited 1 branch

Inventory:

Hand Weapons
 l - the +∞ Axe of Woe (weapon)
   (You found it in the Dungeon)
Armour
 b - a +0 robe (worn)
 c - a +0 shield
Scrolls
 k - a scroll of blinking
Potions
 d - a potion of might
 e - a potion of curing
 g - a potion of heal wounds
 h - a potion of haste
 i - 2 potions of magic
 j - a potion of berserk rage
Comestibles
 f - 2 bread rations


   Skills:
 O Level 27 Fighting
 O Level 27 Axes
 O Level 27 Throwing
 O Level 27 Armour
 O Level 27 Dodging
 O Level 27 Stealth
 O Level 27 Shields
 O Level 27 Unarmed Combat
 O Level 27 Spellcasting
 O Level 27 Invocations


You had 80 spell levels left.
You didn't know any spells.

Dungeon Overview and Level Annotations

Branches:
Dungeon (1/1)

Altars:
Makhleb


Innate Abilities, Weirdness & Mutations

You are too large for most types of armour.
You have claws for hands.
Your metabolism is lightning-fast.
You like to eat raw meat.
Your natural rate of healing is unusually fast.
You are covered in fur. (AC +1)
You have very tough skin. (AC +2)


Message History

Aim: a meat berserker, wielding a +9 battleaxe and wearing a +30 ring of slaying (berserk, fast, unusually strong)
The bolt of fire hits the meat berserker.
The meat berserker is lightly wounded.
You are engulfed in blazing flames.
You hear a shout! x2
The tyrant waves its bony arms in wide circles.
The air twists around and strikes you!
You hear a shout!
The accursed gestures at you while chanting.
Something smites you!
You hear a shout!
The meat berserker appears out of thin air!
A meat berserker comes into view. It is wielding a +9 battleaxe.
The large bag of meat is engulfed in blazing flames.
The large bag of meat hits you with a +9 giant spiked club!!!
The large bag of meat hits you with a +9 giant spiked club!!!!
* * * LOW HITPOINT WARNING * * *
The bag of meat misses you.
The meat berserker hits you with a +9 battleaxe!!!!
You die...

###.%%#........
o###......#..O.........
#.o....................
Ooo.#......oo..........
..ooo#.O..o...#.......#
..o..o§§#.V...#.......#
....o#o§)...###.......##
#...ooo@o§....)§%###....
##.M.MOOV#%))))).._.....
#o...X#..)§)).#))...#.
V.###oXO..Oo)§)#_)<._# .
oXo.#...L)).#)))..#
O.ooL..#........_.....
.o..........%...###....
zo.....M.§.###.... ..##
......... #....%..#


You could see 3 accurseds, a tentacled monstrosity, 2 tyrants, 3 destroyers, a
sculptor of flesh, a large bag of meat (inner flame), 2 large abominations, 5
meat berserkers and 26 bags of meat.

Vanquished Creatures
  A greater mummy (D)
  10 vampire knights (D)
  22 ogres (D)
  4 two-headed ogres (D)
  43 orcs (D)
  4 skeletal warriors (D)
  4 large abominations (D)
  3 small abominations (D)
  4 crawling corpses (D)
95 creatures vanquished.

Vanquished Creatures (others)
  2 crawling corpses (D)
2 creatures vanquished.

Grand Total: 97 creatures vanquished

Notes
Turn   | Place    | Note
-------+----------+-------------------------------------------
     0 | D        | Kidiri the Troll Fighter began the quest for the Orb.
     0 | D        | Reached XP level 1. HP: 22/22 MP: 0/0
     3 | D        | Noticed a bag of meat
     3 | D        | Noticed a bag of meat
     4 | D        | Noticed a bag of meat
     5 | D        | Noticed a bag of meat
     6 | D        | Noticed a bag of meat
     7 | D        | Noticed a meat berserker
     9 | D        | Noticed a bag of meat
     9 | D        | Killed a bag of meat
     9 | D        | Reached XP level 2. HP: 53/53 MP: 1/1
     9 | D        | Reached XP level 3. HP: 61/61 MP: 2/2
     9 | D        | Reached XP level 4. HP: 70/70 MP: 3/3
     9 | D        | Reached XP level 5. HP: 78/78 MP: 4/4
     9 | D        | Reached XP level 6. HP: 87/87 MP: 5/5
     9 | D        | Reached XP level 7. HP: 94/94 MP: 6/6
     9 | D        | Reached XP level 8. HP: 104/104 MP: 7/7
     9 | D        | Reached XP level 9. HP: 111/111 MP: 8/8
     9 | D        | Reached XP level 10. HP: 120/120 MP: 9/9
     9 | D        | Reached XP level 11. HP: 128/128 MP: 10/10
    10 | D        | Noticed a bag of meat
    10 | D        | Noticed a meat berserker
    10 | D        | Killed a meat berserker
    10 | D        | Reached skill level 15 in Shields
    10 | D        | Reached XP level 12. HP: 66/144 MP: 11/11
    10 | D        | Reached XP level 13. HP: 70/153 MP: 12/12
    10 | D        | Killed a bag of meat
    10 | D        | Reached XP level 14. HP: 76/166 MP: 13/13
    10 | D        | Killed a bag of meat
    11 | D        | Killed a bag of meat
    11 | D        | Reached skill level 15 in Axes
    11 | D        | Reached XP level 15. HP: 54/178 MP: 14/14
    12 | D        | Reached skill level 15 in Armour
    12 | D        | Killed a meat berserker
    12 | D        | Reached XP level 16. HP: 61/195 MP: 15/15
    15 | D        | Noticed a meat berserker
    15 | D        | Noticed a meat berserker
    15 | D        | Noticed a meat berserker
    15 | D        | Became a worshipper of Makhleb the Destroyer
    16 | D        | Killed a meat berserker
    16 | D        | Reached XP level 17. HP: 69/208 MP: 16/16
    17 | D        | Reached * piety under Makhleb
    18 | D        | Reached XP level 18. HP: 187/222 MP: 17/17
    18 | D        | Noticed a destroyer
    19 | D        | Killed a meat berserker
    19 | D        | Reached ** piety under Makhleb
    19 | D        | Killed a meat berserker
    19 | D        | Reached XP level 19. HP: 236/236 MP: 18/18
    22 | D        | Noticed a large bag of meat
    22 | D        | Noticed a destroyer
    23 | D        | Noticed a meat berserker
    23 | D        | Reached *** piety under Makhleb
    25 | D        | Noticed a destroyer
    25 | D        | Killed a destroyer
    25 | D        | Reached XP level 20. HP: 254/254 MP: 19/19
    25 | D        | Reached skill level 27 in Fighting
    25 | D        | Reached skill level 27 in Dodging
    25 | D        | Reached skill level 27 in Shields
    25 | D        | Reached **** piety under Makhleb
    26 | D        | Killed a large bag of meat
    26 | D        | Reached skill level 27 in Axes
    27 | D        | Noticed a meat berserker
    27 | D        | Noticed a meat berserker
    27 | D        | Noticed a meat berserker
    27 | D        | Noticed a meat berserker
    27 | D        | Noticed a destroyer
    27 | D        | Noticed a meat berserker
    28 | D        | Noticed a destroyer
    28 | D        | Killed a destroyer
    28 | D        | Reached skill level 27 in Armour
    28 | D        | Reached XP level 21. HP: 265/265 MP: 19/32
    28 | D        | Reached ***** piety under Makhleb
    28 | D        | Reached skill level 10 in Stealth
    28 | D        | Reached skill level 15 in Unarmed Combat
    28 | D        | Reached skill level 10 in Spellcasting
    29 | D        | Noticed a large bag of meat
    29 | D        | Reached skill level 15 in Throwing
    29 | D        | Reached skill level 15 in Invocations
    29 | D        | Reached XP level 22. HP: 275/275 MP: 19/38
    30 | D        | Killed a destroyer
    30 | D        | Reached skill level 15 in Stealth
    30 | D        | Reached skill level 15 in Spellcasting
    31 | D        | Killed a destroyer
    31 | D        | Reached ****** piety under Makhleb
    31 | D        | Reached XP level 23. HP: 284/284 MP: 19/42
    32 | D        | Reached skill level 27 in Unarmed Combat
    32 | D        | Reached XP level 24. HP: 295/295 MP: 20/45
    33 | D        | Reached skill level 27 in Throwing
    33 | D        | Reached skill level 27 in Invocations
    34 | D        | Killed a destroyer
    35 | D        | Noticed a destroyer
    36 | D        | Reached XP level 25. HP: 304/304 MP: 21/50
    36 | D        | Killed a large bag of meat
    37 | D        | Noticed a destroyer
    38 | D        | Killed a destroyer
    38 | D        | Reached skill level 27 in Stealth
    38 | D        | Reached skill level 27 in Spellcasting
    38 | D        | Reached XP level 26. HP: 314/314 MP: 21/53
    40 | D        | Noticed a destroyer
    40 | D        | Killed a destroyer
    41 | D        | Noticed a large bag of meat
    42 | D        | Reached XP level 27. HP: 323/323 MP: 22/53
    45 | D        | Noticed a large bag of meat
    46 | D        | Noticed a destroyer
    46 | D        | Noticed a large bag of meat
    48 | D        | Noticed an accursed
    50 | D        | Noticed a destroyer
    50 | D        | Noticed an accursed
    51 | D        | Noticed a tyrant
    53 | D        | Noticed an accursed
    53 | D        | Noticed a large bag of meat
    53 | D        | Noticed a destroyer
    53 | D        | Noticed a destroyer
    53 | D        | Killed a large bag of meat
    54 | D        | Noticed a large bag of meat
    56 | D        | Noticed a tyrant
    56 | D        | Killed a large bag of meat
    56 | D        | Killed a destroyer
    57 | D        | Killed an accursed
    57 | D        | Killed a destroyer
    57 | D        | Killed a destroyer
    58 | D        | Noticed an accursed
    59 | D        | Noticed a destroyer
    61 | D        | Demolished by a meat berserker

Vault maps used:
D:        meatsprint

Skill      XL: |  1  2  3  4  5  6  7  8  9 10 11 12 13 14 15 16 17 18 19 20 21 22 23 24 25 |
---------------+----------------------------------------------------------------------------+-----
Fighting       | 13 16 17 18 20 21 23 24 26 27 | 27.0
Axes           | 7 12 13 15 17 19 21 23 25 27 | 27.0
Dodging        | 13 16 17 18 20 21 23 24 26 27 | 27.0
Shields        | 13 15 16 18 20 21 23 24 26 27 | 27.0
Armour         | 9 11 13 16 18 20 22 24 27 | 27.0
Throwing       | 11 17 22 25 27 | 27.0
Stealth        | 8 13 16 19 24 27 | 27.0
Unarmed Combat | 12 19 24 27 | 27.0
Spellcasting   | 8 13 16 19 24 27 | 27.0
Invocations    | 11 17 22 25 27 | 27.0

Action                   |  1- 3 |  4- 6 |  7- 9 | 10-12 | 13-15 | 16-18 | 19-21 | 22-24 | 25-27 || total
-------------------------+-------+-------+-------+-------+-------+-------+-------+-------+-------++-------
Melee: Executioner's axe |     1 |       |       |     1 |     2 |     5 |     6 |     6 |    18 ||    39
Invok: Minor Destruction |       |       |       |       |       |       |     1 |       |       ||     1
       Major Destruction |       |       |       |       |       |       |       |       |     1 ||     1
Dodge: Dodged            |       |       |       |       |       |       |       |       |     2 ||     2
